[Event "DMP Ekstraliga 2020"]
[Site "Krakow"]
[Date "2020.08.28"]
[Round "3.7"]
[White "Matuszewski, Michal"]
[Black "Harikrishna, Pentala"]
[Result "0-1"]
[ECO "A45"]
[WhiteElo "2508"]
[BlackElo "2732"]
[Annotator "ChessBase"]
[PlyCount "144"]
[EventDate "2020.08.26"]
[EventType "team-tourn"]
[EventCountry "POL"]
[SourceTitle "playchess.com"]
[Source "ChessBase"]
[SourceQuality "1"]
[TimeControl "30/5400+30:1800+30"]

1. d4 Nf6 2. Bg5 d5 3. Nd2 c5 4. Bxf6 gxf6 5. dxc5 e6 6. e4 Nc6 7. Ne2 f5 8. exf5 Bxc5 9. Nb3 Bb6 10. Nf4 Qf6 11. Be2 Qxf5 12. Qd2 e5 13. Nd3 e4 14. Nf4 d4 15. O-O-O Bd7 16. Bc4 Ne5 17. Bd5 O-O-O 18. g3 Nf3 19. Qb4 Bc6 20. Bxc6 bxc6 21. a4 d3 22. Qc3 Nd4 23. cxd3 Qxf4+ 24. gxf4 Ne2+ 25. Kc2 Nxc3 26. Kxc3 exd3 27. Rxd3 Rxd3+ 28. Kxd3 Bxf2 29. Rc1 Kd7 30. Nc5+ Kc7 31. Ke4 Rd8 32. b4 Rd5 33. Nb3 f5+ 34. Kf3 Bb6 35. Ke2 Rd6 36. a5 Re6+ 37. Kd3 Bf2 38. Rc2 Re3+ 39. Kc4 Re4+ 40. Kd3 Rxb4 41. Rxf2 Rxb3+ 42. Kc4 Rb5 43. Ra2 a6 44. Ra3 h5 45. Rh3 Rxa5 46. Rxh5 Kb6 47. Kb4 Rd5 48. Kc4 Rc5+ 49. Kb3 Kb5 50. h4 a5 51. Rh7 a4+ 52. Ka3 Rc3+ 53. Kb2 Rf3 54. h5 Rxf4 55. Rf7 Kb4 56. Rb7+ Kc5 57. Rf7 Kd5 58. h6 Ke6 59. Rc7 Kf6 60. Rxc6+ Kg5 61. Ra6 Rh4 62. Kc2 Rxh6 63. Rxa4 Rd6 64. Ra8 f4 65. Rg8+ Kh4 66. Rf8 Kg3 67. Rg8+ Kf2 68. Rf8 f3 69. Rg8 Ke2 70. Re8+ Kf1 71. Rf8 f2 72. Rg8 Rd5 0-1

[Event "DMP Ekstraliga 2020"]
[Site "Krakow"]
[Date "2020.08.28"]
[Round "3.8"]
[White "Bartel, Mateusz"]
[Black "Leniart, Arkadiusz"]
[Result "1/2-1/2"]
[ECO "C45"]
[WhiteElo "2643"]
[BlackElo "2482"]
[Annotator "ChessBase"]
[PlyCount "93"]
[EventDate "2020.08.26"]
[EventType "team-tourn"]
[EventCountry "POL"]
[SourceTitle "playchess.com"]
[Source "ChessBase"]
[SourceQuality "1"]
[TimeControl "30/5400+30:1800+30"]

1. e4 e5 2. Nf3 Nc6 3. d4 exd4 4. Nxd4 Bc5 5. Nb3 Bb4+ 6. c3 Be7 7. Bf4 d6 8. N1d2 Bg5 9. Bg3 Nh6 10. h4 Be7 11. Bf4 Ng4 12. Be2 Nge5 13. Be3 f5 14. exf5 Bxf5 15. Nd4 Nxd4 16. cxd4 Nf7 17. Qb3 Bxh4 18. Qb5+ Bd7 19. Qxb7 Be7 20. Bf3 Rb8 21. Qxa7 O-O 22. Rc1 Rxb2 23. Rxc7 Rxa2 24. Qxa2 Qxc7 25. O-O Kh8 26. Bd5 Nd8 27. Ne4 Bf5 28. Rc1 Qd7 29. Qa5 Qe8 30. Ng3 Bg6 31. Rc8 Bh4 32. Qc3 Qb5 33. Qc4 Qb1+ 34. Qc1 Qb5 35. Bf3 Re8 36. Ra8 Qb3 37. Bg5 Bxg3 38. fxg3 Ne6 39. Rxe8+ Bxe8 40. Be3 Qb8 41. Kh2 Qd8 42. Qa3 h6 43. Qa7 Bg6 44. Bd5 Ng5 45. Bf4 Kh7 46. Qa3 Nf7 47. Bxf7 1/2-1/2

[Event "DMP Ekstraliga 2020"]
[Site "Krakow"]
[Date "2020.08.28"]
[Round "3.9"]
[White "Nguyen, Piotr"]
[Black "Gumularz, Szymon"]
[Result "1/2-1/2"]
[ECO "E19"]
[WhiteElo "2422"]
[BlackElo "2506"]
[Annotator "ChessBase"]
[PlyCount "69"]
[EventDate "2020.08.26"]
[EventType "team-tourn"]
[EventCountry "POL"]
[SourceTitle "playchess.com"]
[Source "ChessBase"]
[SourceQuality "1"]
[TimeControl "30/5400+30:1800+30"]

1. Nf3 Nf6 2. c4 e6 3. g3 a6 4. Bg2 b5 5. b3 Bb7 6. O-O Be7 7. Nc3 b4 8. Na4 O-O 9. d4 a5 10. Bb2 d6 11. Rc1 Nbd7 12. c5 Be4 13. Bh3 Ra6 14. Nd2 Bc6 15. cxd6 cxd6 16. e4 Bb5 17. Re1 Rc6 18. Rxc6 Bxc6 19. Qe2 Qb8 20. Bf1 Rc8 21. Rc1 Bd8 22. f3 Bxa4 23. bxa4 Rxc1 24. Bxc1 Bb6 25. Nb3 d5 26. Qb5 Qa7 27. exd5 Nxd5 28. Kg2 h6 29. Qc6 Ne7 30. Qb5 Nf6 31. a3 bxa3 32. Bxa3 Ned5 33. Bc5 Qc7 34. Bd3 g6 35. Be4 1/2-1/2

[Event "DMP Ekstraliga 2020"]
[Site "Krakow"]
[Date "2020.08.28"]
[Round "3.10"]
[White "Tazbir, Marcin"]
[Black "Zwardon, Vojtech"]
[Result "1/2-1/2"]
[ECO "B31"]
[WhiteElo "2510"]
[BlackElo "2481"]
[Annotator "ChessBase"]
[PlyCount "75"]
[EventDate "2020.08.26"]
[EventType "team-tourn"]
[EventCountry "POL"]
[SourceTitle "playchess.com"]
[Source "ChessBase"]
[SourceQuality "1"]
[TimeControl "30/5400+30:1800+30"]

1. e4 c5 2. Nf3 Nc6 3. Bb5 g6 4. Bxc6 dxc6 5. d3 Bg7 6. h3 Nf6 7. Nc3 O-O 8. Be3 b6 9. Qd2 e5 10. Bh6 Qd6 11. O-O Nh5 12. Ne2 Nf4 13. Bxg7 Nxe2+ 14. Qxe2 Kxg7 15. b3 f6 16. a4 Be6 17. Nd2 g5 18. Nc4 Qd7 19. Ne3 Rh8 20. Qh5 Qf7 21. Qxf7+ Kxf7 22. Kh2 h5 23. h4 Ke7 24. g3 g4 25. Kg2 a5 26. Nc4 Ra6 27. f4 gxf3+ 28. Kxf3 Rg8 29. Rg1 Rga8 30. Ne3 Rh8 31. Nc4 Rha8 32. Rh1 Rg8 33. Rh2 Bg4+ 34. Kf2 Be6 35. Rhh1 Rb8 36. Ne3 Rg8 37. Rag1 Raa8 38. Kf3 1/2-1/2

[Event "DMP Ekstraliga 2020"]
[Site "Krakow"]
[Date "2020.08.28"]
[Round "3.11"]
[White "Szustakowski, Antoni"]
[Black "Wieczorek, Oskar"]
[Result "0-1"]
[ECO "E73"]
[WhiteElo "2295"]
[BlackElo "2493"]
[Annotator "ChessBase"]
[PlyCount "120"]
[EventDate "2020.08.26"]
[EventType "team-tourn"]
[EventCountry "POL"]
[SourceTitle "playchess.com"]
[Source "ChessBase"]
[SourceQuality "1"]
[TimeControl "30/5400+30:1800+30"]

1. d4 Nf6 2. c4 g6 3. Nc3 Bg7 4. e4 d6 5. Be2 O-O 6. Bg5 Na6 7. Qd2 e5 8. d5 Qe8 9. f3 Nh5 10. Bd1 Bd7 11. Nge2 f5 12. exf5 gxf5 13. Bc2 Nb4 14. Bb1 a5 15. Be3 Kh8 16. g3 c6 17. O-O cxd5 18. cxd5 f4 19. gxf4 exf4 20. Nxf4 Nxf4 21. Bxf4 Bh3 22. Be4 Bxf1 23. Rxf1 Be5 24. Bg3 Qe7 25. f4 Bg7 26. Bf3 Qf6 27. a3 Qd4+ 28. Qxd4 Bxd4+ 29. Kh1 Nd3 30. Nb5 Bxb2 31. Be2 Nc5 32. Rb1 Bf6 33. Nxd6 Be7 34. f5 Rad8 35. Be5+ Bf6 36. Bg3 Be7 37. Be5+ Bf6 38. Bg3 Rd7 39. Rb5 b6 40. Rxb6 Na4 41. Rc6 Nc3 42. Bf3 h5 43. Bxh5 Nxd5 44. Bf3 Ne3 45. Bf4 Bd4 46. Bxe3 Bxe3 47. Bg4 Bf4 48. Ne4 Rd3 49. f6 Rxa3 50. Rc5 Kh7 51. Bf5+ Kh6 52. Rc6 Ra2 53. f7+ Kg7 54. Be6 Rxh2+ 55. Kg1 Rb8 56. Nc3 Rbb2 57. Bd5 Be3+ 58. Kf1 Rbf2+ 59. Ke1 Bd2+ 60. Kd1 Bxc3 0-1

[Event "DMP Ekstraliga 2020"]
[Site "Krakow"]
[Date "2020.08.28"]
[Round "3.12"]
[White "Zawadzka, Jolanta"]
[Black "Leks, Maria"]
[Result "0-1"]
[ECO "C45"]
[WhiteElo "2419"]
[BlackElo "2080"]
[Annotator "ChessBase"]
[PlyCount "118"]
[EventDate "2020.08.26"]
[EventType "team-tourn"]
[EventCountry "POL"]
[SourceTitle "playchess.com"]
[Source "ChessBase"]
[SourceQuality "1"]
[TimeControl "30/5400+30:1800+30"]

1. e4 e5 2. Nf3 Nc6 3. d4 exd4 4. Nxd4 Nf6 5. Nxc6 bxc6 6. e5 Qe7 7. Qe2 Nd5 8. h4 g6 9. Bg5 f6 10. exf6 Qxe2+ 11. Bxe2 h6 12. Bd2 Nxf6 13. Bc3 Bg7 14. Nd2 O-O 15. O-O-O Nd5 16. Bxg7 Kxg7 17. Bf3 d6 18. Nb3 Bd7 19. c4 Nf4 20. Nd4 Rab8 21. Rhe1 c5 22. Nb3 Bf5 23. Re3 Rb4 24. Rc3 Rfb8 25. g3 Nh3 26. Rd2 Re8 27. Kd1 Be6 28. Bg2 Ng1 29. Na5 Rf8 30. Re3 Bg4+ 31. Ke1 Ra4 32. Nb3 Rxa2 33. f4 a5 34. Kf1 Nh3 35. Re7+ Rf7 36. Rxf7+ Kxf7 37. Bd5+ Kf6 38. Kg2 a4 39. Nc1 Ra1 40. Ne2 g5 41. fxg5+ hxg5 42. h5 Bd7 43. Nc3 g4 44. Be4 Kg5 45. Nd5 Re1 46. Bg6 Bc6 47. Bf7 Rc1 48. Kh2 Ng1 49. Kg2 Nf3 50. Re2 Ne5 51. Be6 Rxc4 52. Kf2 Bxd5 53. Bxd5 Rd4 54. Be4 Kxh5 55. Ke3 Kg5 56. Bc2 Nc4+ 57. Kf2 Nxb2 58. Bb1 Nd1+ 59. Ke1 Nc3 0-1

[Event "DMP Ekstraliga 2020"]
[Site "Krakow"]
[Date "2020.08.28"]
[Round "3.13"]
[White "Kempinski, Robert"]
[Black "Antoniewski, Rafal"]
[Result "1/2-1/2"]
[ECO "D30"]
[WhiteElo "2568"]
[BlackElo "2490"]
[Annotator "ChessBase"]
[PlyCount "45"]
[EventDate "2020.08.26"]
[EventType "team-tourn"]
[EventCountry "POL"]
[SourceTitle "playchess.com"]
[Source "ChessBase"]
[SourceQuality "1"]
[TimeControl "30/5400+30:1800+30"]

1. d4 Nf6 2. c4 e6 3. Nf3 d5 4. Bg5 h6 5. Bxf6 Qxf6 6. Nc3 Bb4 7. Qb3 c5 8. cxd5 exd5 9. dxc5 Bxc3+ 10. Qxc3 Qxc3+ 11. bxc3 O-O 12. e3 Nd7 13. Rd1 Nf6 14. Nd4 Bd7 15. f3 Rfc8 16. Nb3 Ba4 17. Kd2 Nd7 18. Rb1 Rc7 19. Bd3 Rb8 20. Rhc1 Nxc5 21. Nxc5 Rxc5 22. Rb4 Bc6 23. Rc2 1/2-1/2

[Event "DMP Ekstraliga 2020"]
[Site "Krakow"]
[Date "2020.08.28"]
[Round "3.14"]
[White "Cyborowski, Lukasz"]
[Black "Heberla, Bartlomiej"]
[Result "1/2-1/2"]
[ECO "A04"]
[WhiteElo "2508"]
[BlackElo "2566"]
[Annotator "ChessBase"]
[PlyCount "63"]
[EventDate "2020.08.26"]
[EventType "team-tourn"]
[EventCountry "POL"]
[SourceTitle "playchess.com"]
[Source "ChessBase"]
[SourceQuality "1"]
[TimeControl "30/5400+30:1800+30"]

1. Nf3 g6 2. d4 Bg7 3. c4 e6 4. Nc3 Ne7 5. g3 O-O 6. Bg2 d5 7. cxd5 exd5 8. O-O Nbc6 9. Bg5 h6 10. Bxe7 Nxe7 11. b4 Nf5 12. e3 Be6 13. b5 a6 14. a4 c5 15. bxc6 bxc6 16. Rc1 Rc8 17. Ne2 Qe7 18. Nf4 c5 19. Nxe6 fxe6 20. dxc5 Rxc5 21. Qd3 Rxc1 22. Rxc1 Qb7 23. Rb1 Qc6 24. a5 Qc4 25. Qd1 d4 26. Qb3 Qxb3 27. Rxb3 dxe3 28. fxe3 Rc8 29. Bf1 Rc3 30. Rxc3 Bxc3 31. Bxa6 Bxa5 32. Bc4 1/2-1/2

[Event "DMP Ekstraliga 2020"]
[Site "Krakow"]
[Date "2020.08.28"]
[Round "3.15"]
[White "Olszewski, Michal"]
[Black "Nurkiewicz, Maciej"]
[Result "1/2-1/2"]
[ECO "A14"]
[WhiteElo "2547"]
[BlackElo "2326"]
[Annotator "ChessBase"]
[PlyCount "99"]
[EventDate "2020.08.26"]
[EventType "team-tourn"]
[EventCountry "POL"]
[SourceTitle "playchess.com"]
[Source "ChessBase"]
[SourceQuality "1"]
[TimeControl "30/5400+30:1800+30"]

1. Nf3 d5 2. c4 e6 3. g3 Nf6 4. Bg2 Be7 5. O-O O-O 6. b3 b6 7. Bb2 Bb7 8. e3 Nbd7 9. Nc3 c5 10. d3 Qc7 11. Qe2 Rad8 12. Rac1 Qb8 13. e4 dxe4 14. dxe4 Ng4 15. Ne1 Nge5 16. f4 Nc6 17. e5 Nd4 18. Qe3 Bxg2 19. Kxg2 Qb7+ 20. Qe4 Qxe4+ 21. Nxe4 Nb8 22. Nf3 Nxf3 23. Kxf3 Rd7 24. Rfd1 Rfd8 25. Rxd7 Rxd7 26. Bc3 Nc6 27. Ke3 h5 28. h3 Rd8 29. Rf1 g6 30. g4 hxg4 31. hxg4 Rd7 32. Rh1 Rd8 33. Rg1 Kf8 34. Nf2 Bh4 35. Nd3 Be7 36. Ke4 Rd7 37. Nc1 Bd8 38. Ne2 Bc7 39. Rh1 Kg8 40. Nc1 Rd8 41. Nd3 Rd7 42. Nf2 Bd8 43. f5 Bg5 44. f6 Rd8 45. Nh3 Bd2 46. Bb2 Nb4 47. Nf2 Bg5 48. Nh3 Bd2 49. Nf2 Bg5 50. Nh3 1/2-1/2

[Event "DMP Ekstraliga 2020"]
[Site "Krakow"]
[Date "2020.08.28"]
[Round "3.16"]
[White "Bartel, Michal"]
[Black "Kriebel, Tadeas"]
[Result "0-1"]
[ECO "B40"]
[WhiteElo "2274"]
[BlackElo "2519"]
[Annotator "ChessBase"]
[PlyCount "84"]
[EventDate "2020.08.26"]
[EventType "team-tourn"]
[EventCountry "POL"]
[SourceTitle "playchess.com"]
[Source "ChessBase"]
[SourceQuality "1"]
[TimeControl "30/5400+30:1800+30"]

1. e4 c5 2. Nf3 e6 3. c4 Nc6 4. Nc3 Nf6 5. d4 cxd4 6. Nxd4 Bb4 7. Nxc6 bxc6 8. Bd3 e5 9. O-O O-O 10. Qe2 Re8 11. Bd2 d6 12. Rfd1 Rb8 13. h3 Bc5 14. Rab1 a5 15. Na4 Bd4 16. Qe1 Nh5 17. Be2 Qh4 18. Bxh5 Qxh5 19. Be3 Rb4 20. b3 Re6 21. f4 c5 22. f5 Re8 23. Kh2 f6 24. Bd2 Rb7 25. Bxa5 Bd7 26. Nc3 Ra8 27. Nd5 Bc6 28. a3 Bxd5 29. cxd5 Qe8 30. b4 Qa4 31. bxc5 Rxb1 32. Rxb1 Qxa5 33. Rb8+ Kf7 34. Rb7+ Ke8 35. Qh4 Be3 36. Rxg7 Bf4+ 37. Kh1 dxc5 38. d6 Ra7 39. Rg8+ Kd7 40. Qxh7+ Kxd6 41. Qh4 Rf7 42. Rg7 Qxa3 0-1

[Event "DMP Ekstraliga 2020"]
[Site "Krakow"]
[Date "2020.08.28"]
[Round "3.17"]
[White "Bobras, Piotr"]
[Black "Sliwerski, Radoslaw"]
[Result "1-0"]
[ECO "B99"]
[WhiteElo "2487"]
[BlackElo "2042"]
[Annotator "ChessBase"]
[PlyCount "105"]
[EventDate "2020.08.26"]
[EventType "team-tourn"]
[EventCountry "POL"]
[SourceTitle "playchess.com"]
[Source "ChessBase"]
[SourceQuality "1"]
[TimeControl "30/5400+30:1800+30"]

1. e4 c5 2. Nf3 d6 3. d4 cxd4 4. Nxd4 Nf6 5. Nc3 a6 6. Bg5 e6 7. f4 Be7 8. Qf3 Qc7 9. O-O-O Nbd7 10. g4 b5 11. Bxf6 Nxf6 12. g5 Nd7 13. f5 O-O 14. Rg1 b4 15. Nce2 e5 16. f6 exd4 17. fxe7 Re8 18. e5 d3 19. Qxd3 Nxe5 20. Qxd6 Qxd6 21. Rxd6 Ra7 22. Nd4 g6 23. Rb6 Rb7 24. Rxa6 Rbxe7 25. Rb6 Rd8 26. c3 bxc3 27. bxc3 Rc7 28. Kb2 Bb7 29. Be2 Bd5 30. Rb5 Ra7 31. Ra1 Nc6 32. Rxd5 Rxd5 33. Nxc6 Rd2+ 34. Kc1 Rad7 35. Nd4 R7xd4 36. cxd4 Rxe2 37. a4 Re4 38. a5 Rxd4 39. a6 Rd8 40. a7 Ra8 41. Kd2 h6 42. h4 hxg5 43. hxg5 Kf8 44. Kd3 Ke7 45. Ra6 Kd7 46. Kd4 Kc7 47. Ke5 Kd7 48. Kd5 Kc7 49. Kc5 Kb7 50. Kb5 f5 51. gxf6 g5 52. Rb6+ Kc7 53. Ka6 1-0

[Event "DMP Ekstraliga 2020"]
[Site "Krakow"]
[Date "2020.08.28"]
[Round "3.18"]
[White "Kulon, Klaudia"]
[Black "Kiolbasa, Oliwia"]
[Result "1/2-1/2"]
[ECO "A45"]
[WhiteElo "2336"]
[BlackElo "2160"]
[Annotator "ChessBase"]
[PlyCount "73"]
[EventDate "2020.08.26"]
[EventType "team-tourn"]
[EventCountry "POL"]
[SourceTitle "playchess.com"]
[Source "ChessBase"]
[SourceQuality "1"]
[TimeControl "30/5400+30:1800+30"]

1. d4 Nf6 2. Bg5 e6 3. Nd2 c5 4. e3 b6 5. f4 Bb7 6. Ngf3 Be7 7. Bd3 Nc6 8. c3 Nd5 9. Nc4 Qc7 10. Bxe7 Ncxe7 11. Qd2 b5 12. Nce5 c4 13. Bc2 Nf6 14. Ng5 h6 15. Nh3 d6 16. Nf3 Ne4 17. Qe2 a5 18. O-O O-O 19. Nd2 Nxd2 20. Qxd2 f5 21. a4 bxa4 22. Rxa4 Nd5 23. Qe2 Nb6 24. Ra2 Qc6 25. Re1 a4 26. Qf2 Qd7 27. e4 fxe4 28. Bxe4 Bxe4 29. Rxe4 Nd5 30. Ra3 Nf6 31. Re1 d5 32. Qc2 Rfb8 33. Nf2 Rb3 34. Rea1 Rab8 35. R1a2 Rxa3 36. Rxa3 Rb3 37. Ra2 1/2-1/2

[Event "DMP Ekstraliga 2020"]
[Site "Krakow"]
[Date "2020.08.28"]
[Round "3.19"]
[White "Moranda, Wojciech"]
[Black "Wojtaszek, Radoslaw"]
[Result "1/2-1/2"]
[ECO "D38"]
[WhiteElo "2605"]
[BlackElo "2717"]
[Annotator "ChessBase"]
[PlyCount "39"]
[EventDate "2020.08.26"]
[EventType "team-tourn"]
[EventCountry "POL"]
[SourceTitle "playchess.com"]
[Source "ChessBase"]
[SourceQuality "1"]
[TimeControl "30/5400+30:1800+30"]

1. d4 Nf6 2. c4 e6 3. Nf3 d5 4. Nc3 Bb4 5. cxd5 exd5 6. Qa4+ Nc6 7. Bg5 h6 8. Bxf6 Qxf6 9. e3 O-O 10. Be2 Be6 11. O-O a6 12. Rfc1 Bd6 13. Qd1 Ne7 14. Na4 b6 15. b4 g5 16. Nb2 Ng6 17. Nd3 a5 18. b5 Rae8 19. Rc3 Re7 20. Rac1 1/2-1/2

[Event "DMP Ekstraliga 2020"]
[Site "Krakow"]
[Date "2020.08.28"]
[Round "3.20"]
[White "Gajewski, Grzegorz"]
[Black "Dziuba, Marcin"]
[Result "0-1"]
[ECO "D35"]
[WhiteElo "2616"]
[BlackElo "2590"]
[Annotator "ChessBase"]
[PlyCount "80"]
[EventDate "2020.08.26"]
[EventType "team-tourn"]
[EventCountry "POL"]
[SourceTitle "playchess.com"]
[Source "ChessBase"]
[SourceQuality "1"]
[TimeControl "30/5400+30:1800+30"]

1. c4 e6 2. d4 d5 3. Nc3 Nf6 4. cxd5 Nxd5 5. e4 Nxc3 6. bxc3 c5 7. Nf3 cxd4 8. cxd4 Bb4+ 9. Bd2 Bxd2+ 10. Qxd2 O-O 11. Bc4 Nd7 12. O-O b6 13. d5 Nc5 14. Rad1 Bb7 15. Qf4 Qe8 16. h4 Rd8 17. Rfe1 b5 18. Bf1 a6 19. h5 h6 20. Qc7 Rc8 21. Qg3 Qe7 22. d6 Qd8 23. Rd4 Qa5 24. d7 Rcd8 25. Red1 Nxe4 26. Qe5 Nf6 27. Nh4 Bd5 28. Rxd5 exd5 29. Nf5 Qb6 30. Rxd5 Kh8 31. Qg3 Nxh5 32. Qh4 Qe6 33. Rc5 Nf6 34. Nxh6 gxh6 35. Rc6 Qxc6 36. Qxh6+ Kg8 37. Qg5+ Kh8 38. Qh6+ Kg8 39. Qg5+ Kh7 40. Bd3+ Ne4 0-1

[Event "DMP Ekstraliga 2020"]
[Site "Krakow"]
[Date "2020.08.28"]
[Round "3.21"]
[White "Hnydiuk, Aleksander"]
[Black "Socko, Bartosz"]
[Result "1/2-1/2"]
[ECO "E04"]
[WhiteElo "2411"]
[BlackElo "2601"]
[Annotator "ChessBase"]
[PlyCount "37"]
[EventDate "2020.08.26"]
[EventType "team-tourn"]
[EventCountry "POL"]
[SourceTitle "playchess.com"]
[Source "ChessBase"]
[SourceQuality "1"]
[TimeControl "30/5400+30:1800+30"]

1. Nf3 d5 2. d4 Nf6 3. c4 e6 4. g3 dxc4 5. Bg2 a6 6. O-O Nc6 7. Bg5 Be7 8. e3 O-O 9. Nbd2 e5 10. dxe5 Ng4 11. Bxe7 Qxe7 12. Nxc4 Ncxe5 13. Nfxe5 Nxe5 14. Nxe5 Qxe5 15. Qd4 Qxd4 16. exd4 c6 17. d5 cxd5 18. Bxd5 Ra7 19. Rac1 1/2-1/2

[Event "DMP Ekstraliga 2020"]
[Site "Krakow"]
[Date "2020.08.28"]
[Round "3.22"]
[White "Miton, Kamil"]
[Black "Zilka, Stepan"]
[Result "1/2-1/2"]
[ECO "C54"]
[WhiteElo "2590"]
[BlackElo "2564"]
[Annotator "ChessBase"]
[PlyCount "55"]
[EventDate "2020.08.26"]
[EventType "team-tourn"]
[EventCountry "POL"]
[SourceTitle "playchess.com"]
[Source "ChessBase"]
[SourceQuality "1"]
[TimeControl "30/5400+30:1800+30"]

1. e4 e5 2. Nf3 Nc6 3. Bc4 Bc5 4. c3 Nf6 5. d3 d6 6. O-O a6 7. a4 Ba7 8. Re1 Be6 9. Bxe6 fxe6 10. b4 O-O 11. Nbd2 Qd7 12. Nf1 b5 13. Be3 Bxe3 14. Nxe3 d5 15. Qb3 Kh8 16. Nf1 Qd6 17. N1d2 h6 18. d4 dxe4 19. Nxe4 Nxe4 20. Rxe4 Qd5 21. Qc2 exd4 22. Nxd4 Nxd4 23. Rxd4 Qh5 24. Re1 bxa4 25. Qxa4 c5 26. Rde4 cxb4 27. cxb4 Qb5 28. Qxb5 1/2-1/2

[Event "DMP Ekstraliga 2020"]
[Site "Krakow"]
[Date "2020.08.28"]
[Round "3.23"]
[White "Plat, Vojtech"]
[Black "Sadzikowski, Daniel"]
[Result "1/2-1/2"]
[ECO "D35"]
[WhiteElo "2566"]
[BlackElo "2522"]
[Annotator "ChessBase"]
[PlyCount "41"]
[EventDate "2020.08.26"]
[EventType "team-tourn"]
[EventCountry "POL"]
[SourceTitle "playchess.com"]
[Source "ChessBase"]
[SourceQuality "1"]
[TimeControl "30/5400+30:1800+30"]

1. d4 d5 2. c4 e6 3. Nc3 Nf6 4. cxd5 exd5 5. Bg5 c6 6. e3 Be7 7. Bd3 Nbd7 8. Nge2 Nf8 9. Qc2 Ne6 10. Bh4 g6 11. f3 O-O 12. Rd1 b6 13. O-O Bb7 14. Kh1 Rc8 15. Qb1 Nh5 16. Bf2 Bh4 17. Bg1 f5 18. g3 Be7 19. e4 fxe4 20. fxe4 Qd7 21. Rxf8+ 1/2-1/2

[Event "DMP Ekstraliga 2020"]
[Site "Krakow"]
[Date "2020.08.28"]
[Round "3.24"]
[White "Socko, Monika"]
[Black "Majdan, Joanna"]
[Result "1/2-1/2"]
[ECO "B40"]
[WhiteElo "2428"]
[BlackElo "2325"]
[Annotator "ChessBase"]
[PlyCount "76"]
[EventDate "2020.08.26"]
[EventType "team-tourn"]
[EventCountry "POL"]
[SourceTitle "playchess.com"]
[Source "ChessBase"]
[SourceQuality "1"]
[TimeControl "30/5400+30:1800+30"]

1. e4 c5 2. Nf3 e6 3. g3 Nc6 4. Bg2 Nf6 5. Qe2 d5 6. d3 Be7 7. O-O O-O 8. Nbd2 Qc7 9. Re1 b6 10. e5 Nd7 11. c4 Nb4 12. Nf1 dxc4 13. dxc4 Bb7 14. Bf4 Rad8 15. a3 Bxf3 16. Bxf3 Nc6 17. Qe3 Nd4 18. Be4 Nxe5 19. Bg2 f6 20. Bxe5 fxe5 21. Qxe5 Qxe5 22. Rxe5 Bf6 23. Re4 Nb3 24. Rae1 Nd2 25. Nxd2 Rxd2 26. Bh3 Bxb2 27. Bxe6+ Kh8 28. f4 g5 29. Bd5 gxf4 30. Re8 Bd4+ 31. Kh1 Rxe8 32. Rxe8+ Kg7 33. Re7+ Kf6 34. Rf7+ Kg5 35. Rxf4 Rd1+ 36. Kg2 Rd2+ 37. Kh1 Rd1+ 38. Kg2 Rd2+ 1/2-1/2

[Event "DMP Ekstraliga 2020"]
[Site "Krakow"]
[Date "2020.08.28"]
[Round "3.25"]
[White "Golubka, Petro"]
[Black "Klekowski, Maciej"]
[Result "1/2-1/2"]
[ECO "A46"]
[WhiteElo "2495"]
[BlackElo "2511"]
[Annotator "ChessBase"]
[PlyCount "36"]
[EventDate "2020.08.26"]
[EventType "team-tourn"]
[EventCountry "POL"]
[SourceTitle "playchess.com"]
[Source "ChessBase"]
[SourceQuality "1"]
[TimeControl "30/5400+30:1800+30"]

1. d4 Nf6 2. Nf3 e6 3. g3 b6 4. Bg2 Bb7 5. O-O Be7 6. c4 O-O 7. d5 exd5 8. Nh4 c6 9. cxd5 Nxd5 10. Nf5 Nc7 11. e4 d5 12. Nc3 Bf6 13. Bf4 Bxc3 14. bxc3 Nba6 15. Be5 f6 16. Bd6 Rf7 17. Bf4 Nc5 18. Nd6 Rd7 1/2-1/2

[Event "DMP Ekstraliga 2020"]
[Site "Krakow"]
[Date "2020.08.28"]
[Round "3.26"]
[White "Teclaf, Pawel"]
[Black "Pultinevicius, Paulius"]
[Result "1-0"]
[ECO "B10"]
[WhiteElo "2454"]
[BlackElo "2519"]
[Annotator "ChessBase"]
[PlyCount "43"]
[EventDate "2020.08.26"]
[EventType "team-tourn"]
[EventCountry "POL"]
[SourceTitle "playchess.com"]
[Source "ChessBase"]
[SourceQuality "1"]
[TimeControl "30/5400+30:1800+30"]

1. e4 c6 2. c4 d5 3. exd5 cxd5 4. cxd5 Nf6 5. Nc3 Nxd5 6. Nf3 Nc6 7. d4 e6 8. Bc4 Bb4 9. Qd3 O-O 10. O-O Be7 11. Re1 Bf6 12. Ne4 Nce7 13. Nxf6+ Nxf6 14. Bg5 b6 15. Ne5 Bb7 16. Rad1 Rc8 17. Qh3 Nfd5 18. Re4 f6 19. Rh4 Rxc4 20. Rxh7 fxe5 21. Qh5 g6 22. Qh6 1-0

[Event "DMP Ekstraliga 2020"]
[Site "Krakow"]
[Date "2020.08.28"]
[Round "3.27"]
[White "Warakomski, Tomasz"]
[Black "Barski, Radoslaw"]
[Result "0-1"]
[ECO "B40"]
[WhiteElo "2515"]
[BlackElo "2444"]
[Annotator "ChessBase"]
[PlyCount "66"]
[EventDate "2020.08.26"]
[EventType "team-tourn"]
[EventCountry "POL"]
[SourceTitle "playchess.com"]
[Source "ChessBase"]
[SourceQuality "1"]
[TimeControl "30/5400+30:1800+30"]

1. e4 c5 2. Nf3 e6 3. d4 cxd4 4. Nxd4 Nf6 5. Nc3 Nc6 6. Nxc6 bxc6 7. e5 Nd5 8. Ne4 Qc7 9. f4 Rb8 10. Bd3 Qb6 11. a3 f5 12. exf6 Nxf6 13. Nxf6+ gxf6 14. Qh5+ Kd8 15. Bd2 d5 16. Qe2 a5 17. Bc3 Be7 18. Qd2 Ra8 19. O-O-O Bd7 20. Rhe1 Ra7 21. Bf5 exf5 22. Rxe7 Kxe7 23. Bd4 c5 24. Qe3+ Kd6 25. Bxf6 Re8 26. Be5+ Kc6 27. c4 Be6 28. Rd3 d4 29. Qf3+ Kd7 30. Rb3 Qc6 31. Qh3 Rb7 32. Rxb7+ Qxb7 33. Qxh7+ Re7 0-1

[Event "DMP Ekstraliga 2020"]
[Site "Krakow"]
[Date "2020.08.28"]
[Round "3.28"]
[White "Kosakowski, Jakub"]
[Black "Grabarczyk, Miroslaw"]
[Result "0-1"]
[ECO "C22"]
[WhiteElo "2418"]
[BlackElo "2368"]
[Annotator "ChessBase"]
[PlyCount "88"]
[EventDate "2020.08.26"]
[EventType "team-tourn"]
[EventCountry "POL"]
[SourceTitle "playchess.com"]
[Source "ChessBase"]
[SourceQuality "1"]
[TimeControl "30/5400+30:1800+30"]

1. e4 e5 2. d4 exd4 3. Qxd4 Nc6 4. Qc4 Nf6 5. Nc3 Bb4 6. Bd2 O-O 7. O-O-O Re8 8. f3 a6 9. g4 b5 10. Qe2 d5 11. g5 Bxc3 12. Bxc3 Nh5 13. Qg2 b4 14. Bd2 Qd6 15. Ne2 Be6 16. Ng3 Nf4 17. Qf2 d4 18. e5 Qxe5 19. Re1 Qxg5 20. Re4 Qa5 21. Bxf4 Qxa2 22. Bd3 Qa1+ 23. Kd2 Qxb2 24. Nh5 Qc3+ 25. Kd1 Qa1+ 26. Bc1 Ne7 27. Ke2 Qc3 28. Nxg7 Bc4 29. Bd2 Qxc2 30. Bxc4 Qxc4+ 31. Kd1 Kxg7 32. Qh4 Ng6 33. Bh6+ Kg8 34. Qf6 Qd3+ 35. Kc1 Qc3+ 36. Kb1 d3 37. Rd4 Qb3+ 38. Ka1 Qc3+ 39. Kb1 Re1+ 40. Rxe1 Qxe1+ 41. Bc1 Qe6 42. Rd8+ Rxd8 43. Qxd8+ Nf8 44. Bb2 c5 0-1